[Event "*** MasterClass Titled Tuesday Blitz"]
[Site "Chess.com"]
[Date "2017.08.01"]
[Round "9"]
[White "Fins0905"]
[Black "matein28"]
[Result "1-0"]
[WhiteElo "2424"]
[BlackElo "2376"]
[TimeControl "180+2"]
[EndTime "15:04:50 PDT"]
[Termination "Fins0905 won by resignation"]

1. d4 d5 2. c4 c6 3. cxd5 cxd5 4. Nf3 Nf6 5. Nc3 Nc6 6. Bf4 Bf5 7. e3 e6 8. Qb3 Bb4 9. Bb5 Qa5 10. O-O O-O 11.
a3 Bxc3 12. bxc3 Ne4 13. Rfc1 Rac8 14. Bf1 b6 15. c4 dxc4 16. Bxc4 Nd2 17. Nxd2 Qxd2 18.
Rd1 Qc2 19. Qxc2 Bxc2 20. Rdc1 Na5 21. Ba6 Rc3 22. Ra2 Bb3 23. Rxc3 Bxa2 24. Rc7 Rd8 25. h3 f6 26. Rxa7 g5 27. Bc7 Nc6 28. Bxd8 Nxa7 29. Bxf6 Bd5 30. Bxg5 Nc6 31. f3 Na5 32. e4 Bb3 33.
Be7 Nc4 34. Bb4 Kf7 35. Kf2 Kf6 36. Bc8 Kf7 37. h4 h6 38. g4 Bd1 39. Ba6 Bb3 40. Bb5 Nb2 41. h5 Nc4 42. Kg3 Ne3 43. Kf2 Nc4 44. Bc6 Nb2 45. Ke3 Bc4 46. Kd2 Ba6 47. Kc3 Nd1+ 48. Kd2 Nb2 49. d5 Nc4+ 50. Kc3 Ne5 51. dxe6+ Kf6 52. e7 1-0

[Event "*** MasterClass Titled Tuesday Blitz"]
[Site "Chess.com"]
[Date "2017.08.01"]
[Round "9"]
[White "Vrolijk"]
[Black "Journey_to_GrandMaster_YT"]
[Result "1-0"]
[WhiteElo "2507"]
[BlackElo "2349"]
[TimeControl "180+2"]
[EndTime "15:04:55 PDT"]
[Termination "Vrolijk won by resignation"]

1. e4 d6 2. d4 Nf6 3. Nc3 e5 4. Nf3 Nbd7 5. Bc4 Be7 6. O-O O-O 7. a4 c6 8. a5 Nxe4 9. Nxe4 d5 10. Nxe5 Nxe5 11.
dxe5 dxc4 12. Nd6 Be6 13. Nxb7 Qc7 14. Nd6 Rad8 15. Qe2 Bxd6 16. exd6 Qxd6 17. Be3 Qb4 18. Bxa7 Qxb2 19. Bb6 Ra8 20. Rfb1 Qc3 21. a6 Bf5 22. Rc1 Rfe8 23. Be3 c5 24. Qf3 Be4 25. Qg3 Bxc2 26. Ra2 Qd3 27. Raxc2 Rxa6 28. Rxc4 Rg6 29. Qf3 Rf6 30. Qd1 Qg6 31. Rxc5 h6 32. Rc8 Rxc8 33. Rxc8+ Kh7 34. Qc2 Rf5 35. h3 h5 36. Rc5 Rxc5 37.
Qxg6+ Kxg6 38. Bxc5 Kf5 39. Kf1 g5 40. Ke2 Ke4 41.
Be7 g4 42. h4 f5 43. f3+ Ke5 44. fxg4 fxg4 45. Ke3 Kf5 46. Bd6 Ke6 47. Kf4 Kxd6 48. Kg5 Ke5 49. Kxh5 Kf4 50. Kg6 g3 51. h5 Ke3 52. h6 Kf2 53. h7 Kxg2 54. h8=Q Kg1 55. Qa1+ Kh2 56. Qe5 Kh3 57. Qe3 Kh2 58. Qf4 Kh3 59.
Qf3 Kh2 60. Qh5+ Kg1 61. Kf5 g2 62. Kf4 Kf1 63. Qd1+ Kf2 64. Qd2+ Kf1 65. Qd3+ Kf2 66. Qg3+ Kf1 67. Qf3+ Kg1 68. Kg3 1-0

[Event "*** MasterClass Titled Tuesday Blitz"]
[Site "Chess.com"]
[Date "2017.08.01"]
[Round "9"]
[White "Rsnr"]
[Black "hermionegrangermagic"]
[Result "1-0"]
[WhiteElo "2521"]
[BlackElo "2378"]
[TimeControl "180+2"]
[EndTime "15:04:57 PDT"]
[Termination "Rsnr won by resignation"]

1. d4 d5 2. c4 e6 3. Nc3 Nf6 4. cxd5 exd5 5. Bg5 Be7 6. e3 O-O 7. Bd3 c6 8. Qc2 Nbd7 9. Nge2 Re8 10. O-O h6 11. Bh4 Ne4 12. Bxe7 Qxe7 13. Rae1 Ndf6 14. f3 Nxc3 15. Nxc3 Qd6 16. a3 a5 17. Na4 h5 18.
Qc5 Qc7 19. e4 dxe4 20. fxe4 Be6 21. d5 Bg4 22. d6 Qd8 23. Nb6 Nd7 24. Nxd7 Qxd7 25.
e5 g6 26. Rf6 Re6 27. Bc4 Rxf6 28. exf6 b5 29. Re7 Qf5 30. Bxf7+ Kf8 31. Qxf5 Bxf5 32.
d7 b4 33. Re8+ Kxf7 34. Rxa8 Bxd7 35. Rxa5 bxa3 36. bxa3 Kxf6 37. Kf2 Ke6 38. Ke3 Kd6 39. Kd4 Be6 40. Rc5 Bd5 41. g3 g5 42. h4 gxh4 43. gxh4 Ke6 44. a4 Kd6 45. a5 Kc7 46. Rxd5 cxd5 47. Kxd5 Kb7 48. Ke5 Ka6 49. Kf5 Kxa5 50. Kg5 Kb5 51. Kxh5 Kc5 52. Kg6 Kd6 53. h5 Ke7 54. h6 Kf8 55. h7 Ke7 56. h8=Q 1-0

[Event "*** MasterClass Titled Tuesday Blitz"]
[Site "Chess.com"]
[Date "2017.08.01"]
[Round "9"]
[White "Rodalquilar"]
[Black "krzyzan94"]
[Result "0-1"]
[WhiteElo "2544"]
[BlackElo "2556"]
[TimeControl "180+2"]
[EndTime "15:05:01 PDT"]
[Termination "krzyzan94 won on time"]

1. d4 Nf6 2. Bf4 g6 3. e3 Bg7 4. Nf3 O-O 5. Be2 d6 6. O-O Nbd7 7. h3 Qe8 8. c4 e5 9. Bh2 Qe7 10. Nc3 c6 11. Rc1 Ne8 12. b4 e4 13. Nd2 f5 14.
Qb3 g5 15. b5 Kh8 16. a4 Ndf6 17. a5 f4 18. exf4 e3 19. fxg5 exd2 20. gxf6 Bxf6 21. Rcd1 Bxd4 22. Rxd2 c5 23. Nd5 Qg5 24. Rxd4 cxd4 25.
Qd3 Qg7 26. Bf3 Bxh3 27. a6 bxa6 28. Nf4 Bf5 29. Be4 Bxe4 30. Qxe4 Nf6 31. Qxd4 Rae8 32. Qxd6 Ne4 33. Qxa6 Nd2 34. Ne6 Nf3+ 35. Kh1 Qh6 36. gxf3 Rxe6 37. Qa1+ Kg8 38. Rg1+ Rg6 39. c5 Rxf3 40.
c6 Rxf2 41. Rxg6+ hxg6 42. Qg1 Rc2 43. Qd1 Rc1 44. Qxc1 Qxc1+ 45. Kg2 Qb2+ 46. Kf3 Qxb5 47. c7 Qc6+ 48. Kg4 Kf7 49. Kg5 a5 0-1

[Event "*** MasterClass Titled Tuesday Blitz"]
[Site "Chess.com"]
[Date "2017.08.01"]
[Round "9"]
[White "DavidMarkosyan"]
[Black "pedroholly22"]
[Result "0-1"]
[WhiteElo "2464"]
[BlackElo "2311"]
[TimeControl "180+2"]
[EndTime "15:05:03 PDT"]
[Termination "pedroholly22 won on time"]

1. e4 e5 2. Nf3 Nc6 3. Bc4 Nf6 4.
d3 Bc5 5. O-O O-O 6. c3 h6 7. Bb3 d5 8. Nbd2 Re8 9. h3 Be6 10. Re1 Qd7 11. Ba4 Qd6 12. exd5 Bxd5 13. Ne4 Bxe4 14. dxe4 Qxd1 15. Bxd1 a6 16. b4 Bd6 17.
Bb3 Rad8 18. a4 b6 19. Bc4 Nb8 20. Nh4 Bf8 21. Nf5 c6 22. f3 b5 23. Be2 Nfd7 24.
Be3 Kh7 25. Red1 g6 26. Nd6 Kg7 27. Nxe8+ Rxe8 28. axb5 cxb5 29. c4 bxc4 30. Bxc4 Bxb4 31. Bxa6 Nxa6 32. Rxa6 Nf6 33. Bxh6+ Kxh6 34. Rxf6 Kg7 35. Rc6 Ra8 36. Rd7 Ba5 37. Rc5 Bb6 38. Rd5 Rc8 39. Rxe5 Bxc5+ 40. Kf1 Be3 41. g3 Rc2 42. f4 Rf2+ 43.
Ke1 Rg2 44. Rg5 Rh2 45. h4 f6 46. Rg4 Kh6 47. f5 g5 48. hxg5+ Bxg5 49. e5 fxe5 50. Re4 Bf6 51. Rg4 Bg7 52. Rg6+ Kh7 53. g4 Rh6 54. Re6 Rxe6 55. fxe6 Kg6 56. g5 Bf8 0-1

[Event "*** MasterClass Titled Tuesday Blitz"]
[Site "Chess.com"]
[Date "2017.08.01"]
[Round "9"]
[White "nekochabo"]
[Black "ehrenfeld"]
[Result "1-0"]
[WhiteElo "2552"]
[BlackElo "2415"]
[TimeControl "180+2"]
[EndTime "15:05:07 PDT"]
[Termination "nekochabo won by resignation"]

1. Nf3 d6 2. d4 Bg4 3. c4 Bxf3 4. gxf3 g6 5. e4 Bg7 6. Nc3 Nc6 7. d5 Nd4 8. Be3 c5 9. dxc6 Nxc6 10. Qd2 Nf6 11.
h4 Rc8 12. Bh3 e6 13. f4 Na5 14. b3 a6 15. Rd1 O-O 16. Qxd6 Qxd6 17. Rxd6 Ne8 18.
Rd3 b5 19. c5 Nf6 20. e5 Nh5 21. Ne4 Bh6 22. Ng5 Rfd8 23. Rxd8+ Rxd8 24. Ke2 Nc6 25. Rd1 Rxd1 26. Kxd1 Nb4 27. a3 Nd5 28. c6 Bxg5 29.
fxg5 Kf8 30. Bc5+ Ke8 31. Kc2 Kd8 32. Bd6 Ng7 33. a4 Nf5 34. Bf1 Nd4+ 35. Kb2 Kc8 36. Bc5 Nxc6 37. axb5 axb5 38. Bxb5 Nxe5 39. Bd6 Nd7 40.
Bd3 Kb7 41. Bb5 Kc8 42. Bc6 Nc7 43. b4 Nb6 44. Kb3 Nbd5 45. b5 Kd8 46. Ka4 Nb6+ 47.
Kb4 Nbd5+ 48. Ka5 Kc8 49. b6 1-0

[Event "*** MasterClass Titled Tuesday Blitz"]
[Site "Chess.com"]
[Date "2017.08.01"]
[Round "9"]
[White "MateusViageiro"]
[Black "nutibara"]
[Result "1-0"]
[WhiteElo "2311"]
[BlackElo "2255"]
[TimeControl "180+2"]
[EndTime "15:05:11 PDT"]
[Termination "MateusViageiro won by checkmate"]

1. e4 c5 2. Nf3 Nc6 3. Bb5 g6 4. O-O Bg7 5. Re1 Nf6 6. c4 O-O 7. Nc3 d6 8. h3 e5 9. d3 Nd4 10. Nxd4 cxd4 11. Ne2 Nh5 12. f4 f5 13. exf5 gxf5 14.
Nxd4 Nxf4 15. Bxf4 Qb6 16. Be3 f4 17. Bf2 exd4 18. Qh5 Bf5 19. Re7 a6 20. Ba4 d5 21.
Bb3 Kh8 22. cxd5 Bg6 23. Qf3 Qf6 24. Rxb7 Qf5 25. Rxg7 Kxg7 26. Bxd4+ Kh6 27. Bc4 Qg5 28. Re1 Rae8 29. Re6 Rxe6 30. dxe6 Bh5 31. Qf2 f3 32. g3 Qc1+ 33. Kh2 Qd1 34. Qe3+ Kg6 35. Qe4+ Rf5 36. g4 Qd2+ 37. Kg3 Bxg4 38. Qxg4+ Rg5 39. e7 Qg2+ 40. Kf4 Rxg4+ 41. hxg4 f2 42. e8=Q+ Kh6 43. Qh5# 1-0

[Event "*** MasterClass Titled Tuesday Blitz"]
[Site "Chess.com"]
[Date "2017.08.01"]
[Round "9"]
[White "maciek_92"]
[Black "GMMarcinDziuba"]
[Result "0-1"]
[WhiteElo "2533"]
[BlackElo "2565"]
[TimeControl "180+2"]
[EndTime "15:05:14 PDT"]
[Termination "GMMarcinDziuba won by checkmate"]

1. c4 e6 2. Nf3 d5 3. g3 Nf6 4.
Bg2 Be7 5. O-O O-O 6. b3 d4 7. e3 c5 8. Bb2 Nc6 9. exd4 cxd4 10.
Re1 a5 11. a3 Re8 12. d3 Bc5 13. Nbd2 h6 14. Ne5 Nxe5 15. Rxe5 Qc7 16. Qe1 Bd7 17. Nf3 Qb6 18. Rxc5 Qxc5 19. Bxd4 Qe7 20. Ne5 Reb8 21. Qc3 Be8 22. Re1 Ra6 23. b4 axb4 24. axb4 b5 25.
Bc5 Qc7 26. h4 Nd7 27. Bd4 f6 28. Ng4 Bf7 29. c5 h5 30. Nh2 Rd8 31. Be3 Nb8 32. d4 Nc6 33. Bf4 Qa7 34. Bd6 Ra3 35. Qd2 Ra2 36.
Qd3 Nxb4 37. Qxb5 Nc2 38. Rd1 Ra1 39. Qd3 Ne1 40. Qe2 Nxg2 41. Kxg2 Rxd1 42. Qxd1 Qb7+ 43. Kg1 Ra8 44. Nf1 Be8 45. Qe2 Qd5 46. Kh2 Bc6 47. f3 Ra2 48. Nd2 Qxf3 49. Qxe6+ Kh7 50. Qxa2 Qg2# 0-1

[Event "*** MasterClass Titled Tuesday Blitz"]
[Site "Chess.com"]
[Date "2017.08.01"]
[Round "9"]
[White "Saitama_Hero"]
[Black "Keaton87"]
[Result "1-0"]
[WhiteElo "2235"]
[BlackElo "2457"]
[TimeControl "180+2"]
[EndTime "15:05:14 PDT"]
[Termination "Saitama_Hero won by checkmate"]

1. e4 c5 2. Nf3 d6 3. Bb5+ Bd7 4. Bxd7+ Nxd7 5. O-O Ngf6 6. Re1 e6 7. c3 Be7 8. d4 cxd4 9. cxd4 d5 10. e5 Ne4 11.
Nbd2 Nxd2 12. Bxd2 O-O 13. Rc1 Rc8 14. Rc3 Rxc3 15.
bxc3 Qa5 16. Qb1 Nb6 17. c4 Qa6 18. c5 Nc4 19. Bg5 Bxg5 20. Nxg5 g6 21. h4 b6 22. h5 bxc5 23. hxg6 fxg6 24. dxc5 Nd2 25. Qc2 Qa5 26. Rd1 Nc4 27. Nxe6 Re8 28. Nf4 Rxe5 29. Nxd5 Re1+ 30. Kh2 Rxd1 31. Qxd1 Qxc5 32. Qf3 Qd6+ 33. g3 Ne5 34. Qb3 a5 35. Nf6+ Kf8 36. Nxh7+ Kg7 37. Ng5 Qd2 38. Qb7+ Kh6 39. Ne4 Qxa2 40. Qe7 Nf7 41. Qf8+ Kh7 42. Nf6# 1-0

[Event "*** MasterClass Titled Tuesday Blitz"]
[Site "Chess.com"]
[Date "2017.08.01"]
[Round "9"]
[White "Cryptochess"]
[Black "TregubovP"]
[Result "1-0"]
[WhiteElo "2496"]
[BlackElo "2512"]
[TimeControl "180+2"]
[EndTime "15:05:31 PDT"]
[Termination "Cryptochess won by resignation"]

1. e4 c5 2. Nc3 e6 3. g3 d5 4. Bg2 Nf6 5. d3 dxe4 6. Nxe4 Nxe4 7. Bxe4 Nd7 8. Ne2 Nf6 9. Bg2 Bd6 10. O-O O-O 11. Bg5 h6 12. Be3 Rb8 13.
Nc3 b6 14. Nb5 Bb7 15. d4 Bxg2 16. Kxg2 Nd5 17. c4 Nxe3+ 18. fxe3 a6 19. Nc3 cxd4 20. exd4 Qc7 21. b3 b5 22. c5 Be7 23. b4 Rbd8 24. Qg4 f5 25. Qe2 Qc6+ 26. d5 exd5 27. Qxe7 d4+ 28. Kg1 dxc3 29. Qe5 Rd2 30. Rf2 f4 31.
Rxd2 cxd2 32. Rd1 Qf3 33. Rxd2 fxg3 34. hxg3 Rf5 35. Qe1 Rg5 36. Rg2 Rd5 37. Re2 Kh7 38.
Qf2 Qg4 39. Qe3 Qxb4 40. c6 Qc5 41. Qxc5 Rxc5 42. Re6 a5 43. Kf2 b4 44. Ke3 Rc3+ 45. Kd4 Rxg3 46. Re5 Rg1 47. c7 Rd1+ 48. Kc5 Rc1+ 49.
Kb6 Rxc7 50. Kxc7 Kg6 51. Rxa5 h5 52. Rb5 h4 53. Rxb4 Kg5 54. a4 h3 55. a5 h2 56. Rb1 Kg4 57. a6 1-0

[Event "*** MasterClass Titled Tuesday Blitz"]
[Site "Chess.com"]
[Date "2017.08.01"]
[Round "9"]
[White "oskariot"]
[Black "TryingToGetBetter94"]
[Result "1-0"]
[WhiteElo "2500"]
[BlackElo "2323"]
[TimeControl "180+2"]
[EndTime "15:05:37 PDT"]
[Termination "oskariot won on time"]

1. c4 Nf6 2. Nc3 e5 3. e3 d5 4. cxd5 Nxd5 5. Qc2 Nc6 6. a3 Be7 7. Nf3 Be6 8. Bb5 f6 9. d4 Nxc3 10. bxc3 Bd7 11. Bd3 Be6 12. Bxh7 Bf7 13. Bg6 Qd5 14.
Be4 Qc4 15. Bd3 Qd5 16. e4 Qa5 17. d5 Nd4 18. Nxd4 exd4 19. Bd2 dxc3 20. Bxc3 Qc5 21. Qa4+ c6 22. Bd4 Qd6 23. dxc6 bxc6 24. Rd1 O-O 25. O-O Qxa3 26. Qxc6 Rac8 27. Qb7 Rcd8 28. Bb2 Qc5 29. Ba1 Rb8 30. Qa6 Rfd8 31. Be2 Rdc8 32. g3 Bb3 33. Rd7 Rc6 34. Qxa7 Qxa7 35. Rxa7 Bc5 36. Rd7 Be6 37. Rd2 Bb4 38. Rb2 Rcb6 39. Rfb1 Kf8 40. Kg2 g5 41. h3 Kf7 42. Rc2 Kg6 43. Bd4 R6b7 44.
Rcb2 Bc8 45. Ba6 Ba3 46. Rxb7 Bxb7 47. Rxb7 Rd8 48. Be3 Ra8 49. Bd3 Bd6 50. e5+ 1-0

[Event "*** MasterClass Titled Tuesday Blitz"]
[Site "Chess.com"]
[Date "2017.08.01"]
[Round "9"]
[White "LastHeroJr"]
[Black "SipkeErnst"]
[Result "0-1"]
[WhiteElo "2408"]
[BlackElo "2511"]
[TimeControl "180+2"]
[EndTime "15:05:39 PDT"]
[Termination "SipkeErnst won on time"]

1. e4 c5 2. Nf3 d6 3. d4 cxd4 4. Nxd4 Nf6 5. Nc3 a6 6. Bg5 Nbd7 7. Qe2 g6 8. f4 Qa5 9. O-O-O Bg7 10. Kb1 O-O 11. g3 Re8 12. Bg2 e5 13. Nb3 Qc7 14.
f5 b5 15. fxg6 hxg6 16. h4 b4 17. Nd5 Nxd5 18. exd5 Nf6 19. Rdf1 Nh7 20. Be3 Bd7 21. h5 Bb5 22. Qg4 Bxf1 23. Bxf1 Qc8 24. Qh4 Bf6 25. Qh2 Qg4 26. hxg6 Qxg6 27. Na5 Kg7 28. Bh6+ Kh8 29. Nc6 e4 30. Bf4 Rg8 31.
Be2 Rg7 32. Bh5 Qf5 33. Rd1 e3 34. Bxe3 Re8 35. Bf4 Bg5 36. Be2 Bxf4 37. gxf4 Re4 38. Bd3 Qxf4 39. Qh3 Qg4 40. Qh1 Re3 41. Qf1 Rg3 42. Be2 Qg5 43. Qf2 Rg1 44. Bf1 Qg3 45. Qf5 Qg4 46. Qd3 Qf4 47. Ne7 R7g3 48. Qxa6 Nf6 49. Nc8 Ne4 50. b3 Nc3+ 51. Ka1 Qe5 0-1

[Event "*** MasterClass Titled Tuesday Blitz"]
[Site "Chess.com"]
[Date "2017.08.01"]
[Round "9"]
[White "KyronGriffith"]
[Black "AlexanderKing"]
[Result "1-0"]
[WhiteElo "2346"]
[BlackElo "2414"]
[TimeControl "180+2"]
[EndTime "15:05:53 PDT"]
[Termination "KyronGriffith won on time"]

1. e4 e5 2. Nf3 Nc6 3. Bb5 Nf6 4. O-O Nxe4 5. d4 Nd6 6. dxe5 Nxb5 7. a4 Nbd4 8. Nxd4 Nxd4 9. Qxd4 d5 10. exd6 Qxd6 11.
Qe4+ Qe6 12. Qd4 Qd6 13. Qe4+ Qe6 14. Qf3 Bd6 15. Nc3 O-O 16. Bf4 Bxf4 17. Qxf4 c6 18.
Rfe1 Qf5 19. Qxf5 Bxf5 20. Re7 b6 21. a5 Bxc2 22. f3 Bd3 23. Rc7 c5 24. Nd5 Bc4 25. Ne3 Be6 26. axb6 axb6 27. Rxa8 Rxa8 28. Rb7 h5 29.
Rxb6 Ra2 30. h4 g6 31. Kf2 Kg7 32. Kg3 Ra4 33. Nd1 Rd4 34. Nc3 Rb4 35. Rxb4 cxb4 36. Ne4 f5 37. Nc5 Bc4 38. Kf4 Kf6 39. g3 Bf1 40. Nd7+ Ke6 41. Ne5 Kf6 42. Nc6 b3 43. Na5 Ke6 44. Nxb3 Kd5 45. Nd2 Be2 46. b4 Kd4 47.
Kg5 Ke3 48. Nb3 Bc4 49. Nc5 Kxf3 50. Kxg6 Kxg3 51. Kxh5 f4 52. Kg5 f3 53. Ne4+ Kg2 54. h5 Bd5 55. Nd2 f2 56. Kf4 Kh3 57. h6 Kg2 58. h7 1-0

[Event "*** MasterClass Titled Tuesday Blitz"]
[Site "Chess.com"]
[Date "2017.08.01"]
[Round "9"]
[White "SuperBlitz"]
[Black "olomi007"]
[Result "1/2-1/2"]
[WhiteElo "2420"]
[BlackElo "2512"]
[TimeControl "180+2"]
[EndTime "15:06:08 PDT"]
[Termination "Game drawn - insufficient material"]

1. g3 c5 2. Bg2 Nc6 3. b3 e5 4.
Bb2 Nf6 5. d3 d6 6. Nd2 g6 7. e3 Bg7 8. Ne2 h5 9. h3 Be6 10. a3 Qd7 11. Nc3 O-O 12. Nde4 Nh7 13. g4 f5 14. gxf5 Bxf5 15. Qe2 b6 16. O-O-O Kh8 17.
Nd5 Ne7 18. Ng3 Nxd5 19. Bxd5 Rac8 20. Nxf5 Qxf5 21. Rhg1 Nf6 22. Bg2 d5 23. Kb1 c4 24.
dxc4 dxc4 25. e4 Qe6 26. Qe3 Kh7 27. Bf1 Bh6 28. Qc3 Nxe4 29. Qxe5 Qxe5 30. Bxe5 Nd2+ 31.
Kb2 cxb3 32. Bd3 Rxc2+ 33. Bxc2 bxc2 34. Kxc2 Rxf2 35. Bd4 Rh2 36. Rh1 Rg2 37. Rhg1 Rxg1 38. Rxg1 Nf3 39. Rd1 g5 40. Bf2 g4 41. Rd7+ Kg6 42.
hxg4 hxg4 43. Rxa7 Bf4 44. Ra6 g3 45. Rxb6+ Kf5 46. Bxg3 Bxg3 47. Rb5+ Ke4 48. Rb4+ Kd5 49. Rb5+ Kc6 50. Rb1 Nd4+ 51. Kd3 Nb5 52. a4 Nc7 53. Kc4 Bf2 54. Rf1 Be3 55. Rf6+ Kb7 56. Rg6 Bf2 57.
a5 Be3 58. Kd3 Bf2 59. Kc4 Be1 60. a6+ Nxa6 61. Rxa6 Kxa6 1/2-1/2

[Event "*** MasterClass Titled Tuesday Blitz"]
[Site "Chess.com"]
[Date "2017.08.01"]
[Round "9"]
[White "Grootneus"]
[Black "renanreis"]
[Result "0-1"]
[WhiteElo "2057"]
[BlackElo "2116"]
[TimeControl "180+2"]
[EndTime "15:06:14 PDT"]
[Termination "renanreis won on time"]

1. e4 e6 2. d4 d5 3. Nc3 Nf6 4. Bg5 Be7 5. e5 Nfd7 6. Bxe7 Qxe7 7. f4 a6 8. Nf3 c5 9. dxc5 Nxc5 10. Bd3 Nc6 11.
Qd2 O-O 12. O-O b5 13. Ne2 f6 14. Ned4 Nxd4 15. Nxd4 fxe5 16. fxe5 Bd7 17. Be2 Ne4 18. Qe3 Qb4 19. Bg4 Qxb2 20. Rab1 Qc3 21. Qxc3 Nxc3 22.
Rbe1 Rxf1+ 23. Rxf1 Re8 24. g3 Nxa2 25. Ra1 Nb4 26.
c3 Nd3 27. Rxa6 Nxe5 28. Bxe6+ Bxe6 29. Nxe6 Rc8 30. Nd4 Rxc3 31. Nxb5 Rc2 32. Nd4 Rd2 33. Nf5 Nf3+ 34. Kf1 Nxh2+ 35. Ke1 Nf3+ 36. Kf1 g6 37. Nh6+ Kg7 38. Ng4 Nh2+ 39. Nxh2 Rxh2 40. Rd6 Rd2 41. Ke1 Rd3 42. g4 Kh6 43. Ke2 Rd4 44. Ke3 Rxg4 45.
Rxd5 Rg5 46. Rd7 Rf5 47. Ke2 Rf6 48. Ke3 g5 49. Ke2 Kg6 50. Rd8 h5 51. Rg8+ Kf5 52.
Kf2 Kg4+ 53. Kg2 Ra6 54. Rb8 Ra2+ 55. Kg1 Ra3 56. Kg2 Ra2+ 57. Kg1 h4 58. Rb4+ Kh5 59.
Rb3 Rc2 60. Ra3 Rc5 0-1

[Event "*** MasterClass Titled Tuesday Blitz"]
[Site "Chess.com"]
[Date "2017.08.01"]
[Round "9"]
[White "FairChess_on_YouTube"]
[Black "Gordima"]
[Result "1-0"]
[WhiteElo "2746"]
[BlackElo "2602"]
[TimeControl "180+2"]
[EndTime "15:06:15 PDT"]
[Termination "FairChess_on_YouTube won on time"]

1. d4 Nf6 2. Bg5 d5 3. Nd2 Nbd7 4. Ngf3 b6 5. e3 Bb7 6. Bd3 g6 7. Qe2 Bg7 8. e4 dxe4 9. Nxe4 O-O 10. O-O-O Rc8 11. h4 h5 12. Rhe1 Nd5 13. Kb1 Re8 14.
Bb5 c6 15. Ba4 Qc7 16. c4 Nf4 17. Qd2 Ne6 18. Bh6 b5 19. Bb3 bxc4 20. Bxc4 Nef8 21. Bxg7 Kxg7 22. Neg5 e6 23. Ne5 Nxe5 24. dxe5 c5 25. Qf4 Nh7 26. g4 Nxg5 27. Qf6+ Kg8 28. Qxg5 Bf3 29.
gxh5 Bxh5 30. Rd6 Rb8 31. Rg1 Qb7 32. b3 Qf3 33. Rd2 Rb4 34. Qe3 Qb7 35. Ka1 a5 36.
Qh6 Qf3 37. Qe3 Qxe3 38. fxe3 a4 39. Rd7 axb3 40. axb3 Ra8+ 41. Kb2 Rab8 42. Kc3 R4b7 43. Rd6 Bf3 44. Ra1 Kg7 45. Ra5 Rc7 46. Rd2 Rh8 47. Rf2 Bg4 48. Rf4 Bh3 49. Be2 Bf5 50. e4 Bh3 51. Ra1 Rb8 52. Rh1 Bg2 53. Rh2 Rcb7 54. Bc4 1-0

[Event "*** MasterClass Titled Tuesday Blitz"]
[Site "Chess.com"]
[Date "2017.08.01"]
[Round "9"]
[White "AndrewMcStone"]
[Black "abubakrtagelsir"]
[Result "1-0"]
[WhiteElo "2080"]
[BlackElo "2280"]
[TimeControl "180+2"]
[EndTime "15:06:26 PDT"]
[Termination "AndrewMcStone won by resignation"]

1. d4 d5 2. c4 c6 3. Nc3 Nf6 4. e3 a6 5. Nf3 b5 6. c5 Bg4 7. Qb3 Bxf3 8. gxf3 e5 9. a4 exd4 10. exd4 Nbd7 11. Qa3 b4 12. Qxb4 Rb8 13. Qa3 a5 14.
Bd2 Be7 15. Bd3 O-O 16. Ne2 Re8 17. O-O Nf8 18. Rab1 Ng6 19. Bxg6 fxg6 20. b4 axb4 21. Rxb4 Ra8 22. Nf4 Qc8 23. Re1 Qf5 24. Re5 Qc2 25. Qc3 Qd1+ 26. Re1 Qxe1+ 27. Bxe1 g5 28. Nd3 Nh5 29.
Bd2 Rf8 30. Ne5 Rac8 31. Kg2 Bf6 32. Rb7 Rce8 33. Nd7 Rf7 34. Nxf6+ Rxf6 35. h3 h6 36. a5 Ra8 37. Rc7 Nf4+ 38. Bxf4 gxf4 39. Rb7 Rff8 40.
Rb6 Rf6 41. a6 Rg6+ 42. Kh2 Rf6 43. Qb4 Kh7 44. Qa5 Rf7 45. Qb4 Rfa7 46. Qa5 h5 47. Rxc6 Rb8 48. Rb6 Rba8 49. c6 Rc8 50. Rb7 Raa8 51.
c7 Kh6 52. Qb6+ g6 53. a7 Rf8 54. Rb8 Raxb8 55. axb8=Q Rxb8 56. cxb8=Q 1-0

[Event "*** MasterClass Titled Tuesday Blitz"]
[Site "Chess.com"]
[Date "2017.08.01"]
[Round "9"]
[White "lukas_111111"]
[Black "Marcus_Harvey"]
[Result "1/2-1/2"]
[WhiteElo "2412"]
[BlackElo "2562"]
[TimeControl "180+2"]
[EndTime "15:06:30 PDT"]
[Termination "Game drawn by 50-move rule"]

1. e4 e6 2. d4 d5 3. Nc3 Nf6 4. Bg5 dxe4 5. Nxe4 Be7 6. Bxf6 gxf6 7. Nf3 f5 8. Nc3 a6 9. Qe2 b5 10. O-O-O b4 11.
Na4 Qd5 12. Kb1 Nd7 13. Ne5 Nxe5 14. dxe5 Qc6 15. b3 Bb7 16. f3 O-O 17. Qc4 Rfd8 18. Be2 a5 19. Qxc6 Bxc6 20. Rxd8+ Rxd8 21. Rd1 Rxd1+ 22. Bxd1 Bxa4 23. bxa4 Bc5 24. Kb2 Bd4+ 25. Kb3 Bxe5 26.
h3 c6 27. Be2 Kf8 28. Kc4 Bd6 29. g4 fxg4 30. hxg4 h6 31. Bd3 Ke7 32. Be4 Kd7 33.
Bh7 f5 34. gxf5 h5 35. fxe6+ Kxe6 36. f4 Bxf4 37. Be4 Kd6 38. Bf3 h4 39. Bg2 Be3 40. Kd3 Bf2 41. Kc4 Be1 42. Kd3 Kc5 43. Bh3 Bg3 44.
Bg2 Bc7 45. Bh3 Bb6 46. Bg2 Bd8 47. Bh3 Kd6 48. Ke4 c5 49. Bf1 Bf6 50. Bh3 c4 51. Bf1 Kc5 52. Bh3 Bd8 53. Bf1 c3 54. Bh3 Bf6 55. Kf3 Kd4 56. Be6 Be7 57. Bb3 Ke5 58.
Kg4 Ke4 59. Kh3 Kf3 60. Bd5+ Ke3 61. Be6 Ke2 62. Bd5 Kd2 63. Bb3 Kc1 64. Kg4 Kb2 65.
Kh3 Bd8 66. Kg4 Ka3 67. Kh3 Bf6 68. Kg4 Bg5 69. Kh3 Bf6 70. Kg4 Kb2 71. Kh3 Kc1 72. Kg4 Kd2 73. Kh3 Ke2 74. Bc4+ Ke3 75. Bb3 Kf3 76.
Bc4 Kf4 77. Bb3 Kg5 78. Bc4 Bd4 79. Bb3 Be3 80. Bc4 Bc1 81. Bb3 Ba3 82. Bc4 Bb2 83.
Bb3 Bc1 84. Bc4 Be3 85. Bb3 Bf2 86. Bc4 Be1 87. Bb3 Bg3 88. Bc4 Kf4 89. Bb3 Kf3 90. Bc4 Ke3 91. Bb3 Kd4 92. Kg4 Kc5 93. Kh3 Kd6 94.
Kg4 Ke5 95. Kh3 Be1 96. Bc4 Bf2 97. Bb3 Kd4 98. Kg4 Ke3 99. Kh3 Be1 100. Bc4 Bg3 101. Bb3 Kd4 102. Kg4 Be1 103. Kh3 Ke5 104. Bc4 Kf6 105.
Bb3 Kg5 106. Bc4 Bd2 1/2-1/2

[Event "*** MasterClass Titled Tuesday Blitz"]
[Site "Chess.com"]
[Date "2017.08.01"]
[Round "9"]
[White "Ilja_Semjonovs"]
[Black "GM_dmitrij"]
[Result "0-1"]
[WhiteElo "2413"]
[BlackElo "2484"]
[TimeControl "180+2"]
[EndTime "15:06:42 PDT"]
[Termination "GM_dmitrij won by resignation"]

1. e4 e5 2. Nf3 Nc6 3. Bc4 Nf6 4. Ng5 d5 5. exd5 Na5 6. Bb5+ c6 7. dxc6 bxc6 8. Qf3 Be7 9. Bd3 O-O 10. b4 Nb7 11. Bb2 h6 12. Ne4 Nd5 13. Bxe5 Nxb4 14. O-O Nxd3 15.
cxd3 Be6 16. Nbc3 f6 17. Bf4 Qd7 18. Rfe1 f5 19. Ng3 Nc5 20. d4 Qxd4 21. Nh5 Qd7 22. Be5 Rf7 23. d4 Nb7 24. Nf4 Bc4 25. Rad1 Bg5 26. d5 cxd5 27. Nfxd5 Qc8 28. Bf4 Bxf4 29. Qxf4 Bxd5 30. Nxd5 Qf8 31. Nc7 Rd8 32. Ne6 Rxd1 33. Rxd1 Qe8 34. Nd4 Rd7 35. Qe3 Qxe3 36. fxe3 g6 37.
Kf2 Kf7 38. Rc1 Nd6 39. Kf3 Ne4 40. Rc6 Re7 41. Ke2 Nf6 42. Kd3 Ng4 43. Nc2 Nxh2 44. Ra6 Ng4 45. Kd2 h5 46. Ke2 Kg7 47. Kf3 Kh6 48. g3 Kg5 49. Ke2 Ne5 50. Kd2 Kg4 51. Nd4 Kxg3 52. Ne2+ Kg4 53. Ra4+ Kg5 54. Nf4 h4 55. Nh3+ Kh5 56. Nf4+ Kh6 57. Ra6 Kg5 58. Ra4 Ng4 59. Nh3+ Kh6 60. Nf4 Nxe3 61. Ra6 Nc4+ 62. Kc3 Ne5 63. Kd4 Kg5 64. Nd5 Re8 65. Nf6 Nf3+ 66.
Kc3 Re7 67. Kd3 h3 68. Ng8 Rg7 69. Ke3 h2 0-1

[Event "*** MasterClass Titled Tuesday Blitz"]
[Site "Chess.com"]
[Date "2017.08.01"]
[Round "9"]
[White "Usurpov"]
[Black "biostatistician"]
[Result "1/2-1/2"]
[WhiteElo "2328"]
[BlackElo "2449"]
[TimeControl "180+2"]
[EndTime "15:07:07 PDT"]
[Termination "Game drawn by agreement"]

1. e4 e6 2. d4 d5 3. e5 b6 4. c3 Qd7 5. h4 Ba6 6. Ne2 c5 7. Nd2 Nc6 8. Nf3 Nge7 9. h5 Rc8 10. Nf4 Bxf1 11. Kxf1 cxd4 12. cxd4 Nb4 13. Bd2 Nf5 14. Bc3 Be7 15. g3 O-O 16. Kg2 f6 17. Re1 Nc6 18.
exf6 Bxf6 19. Nxe6 Rfe8 20. Nf4 Rxe1 21. Qxe1 Nfxd4 22.
Nxd4 Nxd4 23. Qd2 Rc4 24. Rd1 Qf5 25. Qd3 Qe4+ 26. Qxe4 dxe4 27. Nd5 Nf5 28. Nxf6+ gxf6 29. g4 Nh4+ 30. Kg3 Nf3 31. Bxf6 Kf7 32. Bc3 Ke6 33. Kf4 h6 34. Rd8 Ng5 35. Rh8 Nf7 36. Re8+ Kd5 37. Rd8+ Ke6 38. Re8+ Kd5 39. Ke3 Nd6 40. Re5+ Kc6 41.
Re6 Kd7 42. Rxh6 b5 43. Rh7+ Ke6 44. Rxa7 b4 45. Bd2 Rc2 46. a3 Nc4+ 47. Kxe4 Nxd2+ 48. Kd3 Rxb2 49. axb4 Nf3 50. Ke3 Ne5 51. Ra6+ Kd5 52.
Ra5+ Ke6 53. f3 Rb3+ 54. Ke4 Rxb4+ 55. Ke3 Rb3+ 56. Ke2 Nxf3 57. Ra6+ Ke5 58. h6 Nd4+ 59. Kd2 Rh3 60. g5 Ke4 61. Ra7 Rh2+ 62. Ke1 Nf5 63. h7 Kf4 64. g6 Rh6 65. Ra8 Kg5 66. Rg8 Kf6 67. h8=Q+ Rxh8 68. Rxh8 Kxg6 69. Kf2 Kg5 70. Rf8 Kf4 71. Rf7 Ke4 72. Ke2 Kf4 73. Rf8 Ke4 74.
Re8+ 1/2-1/2